 Dungeon Crawl Stone Soup version 0.31-a0-430-gf8416d752b (console) character file.

Game seed: 13627406901640030483

2453 Lexodia the Covert (level 9, -7/36 HPs)
             Began as a Felid Enchanter on July 31, 2023.
             Was a Follower of Wu Jian.
             Mangled by a manticore (19 damage)
             ... on level 9 of the Dungeon.
             The game lasted 00:29:45 (9058 turns).

Lexodia the Covert (Felid Enchanter)                Turns: 9058, Time: 00:29:45

Health: -7/36      AC:  4    Str:  8 (10) XL:     9   Next: 25%
Magic:  0/15       EV: 19    Int: 19 (21) God:    Wu Jian [*.....]
Gold:   573        SH:  0    Dex: 18 (20) Spells: 1/15 levels left
                                        Lives:  0   Deaths: 2

rFire   + .          .
                       - Unarmed
rCold   + . .        (shield unavailable)
rNeg    . . .        (body armour unavailable)
rPois   +            (helmet unavailable)
rElec   +            (cloak unavailable)
rCorr   +            (gloves unavailable)
SInv    +            (boots unavailable)
Will    +....        m - amulet of faith
Stlth   +++++        s - ring of Monotheism {Wiz rElec Int+3}
HPRegen 0.26/turn    x - +6 ring of strength
MPRegen 0.14/turn

%: faith, wizardry (x1)
@: resistant, unable to read, quick
A: very small, claws 1, fangs 3, see invisible, speed 1, shaggy fur 2, stealthy
paws, no weapons or thrown items, no armour, multi-lived, iridescent scales 1,
inability to read after injury 1, noise suppression
a: Renounce Religion


You were on level 9 of the Dungeon.
You worshipped Wu Jian.
Wu Jian was aware of your devotion.
You visited 2 branches of the dungeon, and saw 10 of its levels.

You collected 573 gold pieces.

Inventory:

Jewellery
 b - a ring of wizardry
 k - an amulet of guardian spirit
 m - an amulet of faith (around neck)
 s - the ring of Monotheism (left paw) {Wiz rElec Int+3}
   (You found it on level 9 of the Dungeon)

   [ring of wizardry]

   It improves your spell success rate.
   Int:       It affects your intelligence (+3).
   rElec:     It insulates you from electricity.
 x - a +6 ring of strength (right paw)
Wands
 e - a wand of digging (4)
 l - a wand of mindburst (19)
 o - a wand of iceblast (18)
Scrolls
 c - a scroll of butterflies {unknown}
 f - 4 scrolls of vulnerability {unknown}
 g - 6 scrolls of teleportation
 j - 3 scrolls of enchant armour
 n - a scroll of enchant weapon {unknown}
 p - a scroll of fear {unknown}
 q - 2 scrolls of revelation {unknown}
 t - a scroll of silence {unknown}
 v - a scroll of amnesia {unknown}
 y - a scroll of poison {unknown}
 A - a scroll of identify
Potions
 a - a potion of invisibility
 d - a potion of mutation
 h - 2 potions of curing
 r - 2 potions of cancellation
Miscellaneous
 i - a phial of floods


   Skills:
 + Level 1.8 Fighting
 + Level 4.1 Dodging
 - Level 12.0 Stealth
 * Level 11.3 Unarmed Combat
 + Level 3.5 Spellcasting
 - Level 2.0 Conjurations
 + Level 5.8 Hexes
 - Level 3.0 Ice Magic
 + Level 2.2 Air Magic
 + Level 2.1 Poison Magic
 - Level 5.0 Evocations


You had one spell level left.
You knew the following spells:

 Your Spells              Type           Power      Damage    Failure   Level
a - Ensorcelled Hibernat  Hex/Ice        40%        N/A       1%          2
b - Confusing Touch       Hex            25%        N/A       1%          3
c - Tukima's Dance        Hex            25%        N/A       1%          3
d - Dazzling Flash        Conj/Hex       36%        N/A       3%          3
e - Mephitic Cloud        Conj/Pois/Air  11%        N/A       8%          3

Your spell library contained the following spells:

 Spells                   Type           Power      Damage    Failure   Level
 Magic Dart               Conj           40%        1d5       2%          1
 Apportation              Tloc           6%         N/A       6%          1
 Necrotise                Necr           12%        1d4       6%          1
 Summon Small Mammal      Summ           12%        N/A       6%          1
 Poisonous Vapours        Pois/Air       22%        N/A       3%          2
 Call Imp                 Summ           6%         N/A       9%          2
 Metabolic Englaciation   Hex/Ice        10%        N/A       26%         5
 Simulacrum               Ice/Necr       4%         N/A       99%         6


Dungeon Overview and Level Annotations

Branches:
Dungeon (9/15)             Temple (1/1) D:6
   Lair: D:8-11         Orc: D:9-12

Altars:
Ashenzari
Cheibriados
Dithmenos
Elyvilon
Gozag
Hepliaklqana
Kikubaaqudgha
Makhleb
Nemelex Xobeh
Okawaru
Ru
Sif Muna
Trog
Uskayaw
Vehumet
Wu Jian
Xom
Yredelemnul
Zin
The Shining One

Shops:
D:3 (   D:6 :*


Innate Abilities, Weirdness & Mutations

You have sharp claws.
You have razor-sharp teeth.
You have supernaturally acute eyesight. (SInv)
You cover ground quickly. (Speed+)
You are covered in thick fur. (AC +2)
Your paws help you pounce on unaware monsters.
You are incapable of wielding weapons or throwing items.
You cannot wear armour.
You gain extra lives every three experience levels.
You are partially covered in iridescent scales. (AC +2)
You occasionally lose the ability to read scrolls when taking damage.
You passively dampen the noise of your surroundings.


Message History

The manticore flicks its tail.
The volley of spikes hits you but does no damage.
Casting: Ensorcelled Hibernation (safe; 1% risk of failure)
Confirm with . or Enter, or press ? or * to list all spells.
Aiming: Ensorcelled Hibernation (safe; 1% risk of failure)
Press: ? - help, Shift-Dir - straight line, f/p - manticore
Aim: a manticore (chance to affect: 37%)
The manticore easily resists.
The manticore flicks its tail.
The volley of spikes misses you.
The manticore easily resists.
The manticore easily resists.
The manticore closely misses you. The manticore completely misses you.
The manticore claws you.
Damage: -8%(-3hp) hp: 73%(26hp)
The manticore easily resists.
The manticore completely misses you. x2
The manticore barely misses you.
The manticore easily resists.
The manticore bites you!!
Ouch! That really hurt!
* * * LOW HITPOINT WARNING * * *
The manticore barely misses you. The manticore completely misses you.
Huge Dmg: -50%(-18hp) hp: 23%(8hp) Unknown command.
It was a potion of degeneration.
There was something very wrong with that liquid.
You feel weakened.
You feel dopey.
You feel clumsy.
You carefully extract the barbed spikes from your body.
The manticore completely misses you.
The manticore claws you but does no damage.
The manticore misses you.
It was a potion of resistance.
You feel protected. The manticore barely misses you. The manticore claws you.
You feel threatened and lose the ability to read scrolls!
* * * LOW HITPOINT WARNING * * *
The manticore misses you.
Huge Dmg: -14%(-5hp) hp: 9%(3hp)
Okay, then.
You feel better. The manticore bites you!!
Ouch! That really hurt!
You die...

..####...........###..##.##.#
...#.............###....###.###
........<...........<.....##..#
.....................#.......##
....................##.#..#.##
...#..#.............##.###.##
#..##.#...##...........# ###
##.##....###.#...H.########
##..#.....#..#..@..###..#.#
##.......#..........#.###.######
.#.#....###.......##............
#...#....#....##............#
#.#..#.##.....###...###...###
#####.#.......# ##### ###.###
####....#.# ##...#### #......#
##.......## ######....#
#.........#


You could see a manticore.

Vanquished Creatures
  Pikel (D:5)
  Maurice (D:8)
  Psyche (D:8)
  A kobold demonologist (D:8)
  An unseen horror (D:7)
  2 trolls (D:9)
  Grinder (D:6)
  Sigmund (D:6)
  6 yaks (D:7)
  A wyvern (D:8)
  A dancing weapon (D:5)
  An acid dragon (D:9)
  4 water moccasins
  A black bear (D:5)
  4 ice beasts
  2 orc warriors
  An ogre (D:7)
  2 centaurs
  4 lemures
  2 bullfrogs (D:7)
  A kobold brigand (D:9)
  3 necrophages (D:5)
  5 wights (D:7)
  2 scorpions
  6 killer bees
  3 howler monkeys
  A centaur zombie (D:5)
  4 hounds
  A human zombie (D:5)
  A bullfrog zombie (D:5)
  3 orc priests
  A jelly (D:5)
  A gnoll bouda (D:6)
  2 iguanas (D:5)
  2 scorpion zombies (D:5)
  5 orc wizards
  2 hound zombies (D:5)
  2 mummies (D:5)
  8 gnolls
  7 adders
  2 ufetubi
  2 dart slugs
  17 orcs
  3 endoplasms
  5 giant cockroaches
  6 goblins
  12 hobgoblins
  7 jackals
  3 quokkas
  4 ball pythons
  8 bats
  3 frilled lizards
  14 kobolds
  4 rats
188 creatures vanquished.

Vanquished Creatures (collateral kills)
  A killer bee (D:7)
1 creature vanquished.

Vanquished Creatures (others)
  A dancing weapon (D:7)
1 creature vanquished.

Grand Total: 190 creatures vanquished

Notes
Turn   | Place    | Note
-------+----------+-------------------------------------------
     0 | D:1      | Lexodia the Felid Enchanter began the quest for the Orb.
     0 | D:1      | Reached XP level 1. HP: 7/7 MP: 4/4
    14 | D:1      | Huge Dmg: 4 dmg
    28 | D:1      | Huge Dmg: 3 dmg
    40 | D:1      | Huge Dmg: 1 dmg
   155 | D:1      | Huge Dmg: 5 dmg
   183 | D:1      | Reached XP level 2. HP: 11/11 MP: 6/6
   185 | D:1      | Huge Dmg: 5 dmg
   210 | D:1      | Learned a level 2 spell: Ensorcelled Hibernation
   270 | D:1      | Huge Dmg: 5 dmg
   703 | D:2      | Reached XP level 3. HP: 14/14 MP: 7/7
   816 | D:2      | Huge Dmg: 3 dmg
   827 | D:2      | Huge Dmg: 5 dmg
   831 | D:2      | Huge Dmg: 4 dmg
   848 | D:2      | Huge Dmg: 2 dmg
   849 | D:2      | Huge Dmg: 2 dmg
   856 | D:2      | Huge Dmg: 1 dmg
   859 | D:2      | Huge Dmg: 1 dmg
  1000 | D:2      | Huge Dmg: 5 dmg
  1004 | D:2      | Reached skill level 5 in Hexes
  1149 | D:2      | Huge Dmg: 4 dmg
  1640 | D:2      | Reached XP level 4. HP: 17/18 MP: 1/8
  1816 | D:3      | Reached skill level 5 in Stealth
  1816 | D:3      | Reached skill level 1 in Ice Magic
  1995 | D:3      | Huge Dmg: 5 dmg
  2087 | D:3      | Learned a level 3 spell: Confusing Touch
  2091 | D:3      | Learned a level 3 spell: Tukima's Dance
  2286 | D:3      | Found Gustrug's Weapon Shoppe.
  2654 | D:4      | Huge Dmg: 3 dmg
  2658 | D:4      | Huge Dmg: 4 dmg
  2739 | D:4      | Reached XP level 5. HP: 21/21 MP: 7/10
  2786 | D:4      | Huge Dmg: 6 dmg
  2793 | D:4      | Reached skill level 1 in Evocations
  2945 | D:4      | Huge Dmg: 5 dmg
  3267 | D:4      | Noticed an ice beast
  3271 | D:4      | Huge Dmg: 14 dmg
  3271 | D:4      | Killed an ice beast
  3272 | D:4      | Gained mutation: You are covered in thick fur. (AC +2)
                  | [Felid growth]
  3272 | D:4      | Reached XP level 6. HP: 9/24 MP: 11/11
  3343 | D:4      | Huge Dmg: 5 dmg
  3581 | D:4      | Found a white marble altar of Elyvilon.
  3795 | D:5      | Entered Level 5 of the Dungeon
  3795 | D:5      | Noticed a water moccasin
  3798 | D:5      | Killed a water moccasin
  3833 | D:5      | Huge Dmg: 14 dmg
  3836 | D:5      | Reached XP level 7. HP: 12/27 MP: 7/12
  3940 | D:5      | Reached skill level 6 in Stealth
  4078 | D:5      | Learned a level 3 spell: Dazzling Flash
  4104 | D:5      | Noticed Pikel
  4302 | D:5      | Huge Dmg: 8 dmg
  4398 | D:5      | Reached skill level 5 in Unarmed Combat
  4583 | D:5      | Huge Dmg: 17 dmg
  4585 | D:5      | Huge Dmg: 7 dmg
  4692 | D:5      | Huge Dmg: 9 dmg
  4693 | D:5      | Huge Dmg: 4 dmg
  4763 | D:5      | Huge Dmg: 6 dmg
  4807 | D:5      | Found a basalt altar of Yredelemnul.
  4821 | D:5      | Reached XP level 8. HP: 29/31 MP: 8/13
  4830 | D:5      | Reached skill level 7 in Stealth
  4960 | D:6      | Found Azemer's Book Shoppe.
  4967 | D:6      | Noticed Sigmund
  5026 | D:5      | Killed Pikel
  5027 | D:5      | Reached skill level 8 in Stealth
  5088 | D:6      | Gained mutation: You are partially covered in iridescent
                  | scales. (AC +2) [potion of mutation]
  5088 | D:6      | Gained mutation: You occasionally lose the ability to read
                  | scrolls when taking damage. [potion of mutation]
  5088 | D:6      | Gained mutation: You passively dampen the noise of your
                  | surroundings. [potion of mutation]
  5126 | D:5      | Huge Dmg: 15 dmg
  5131 | D:5      | Huge Dmg: 10 dmg
  5134 | D:5      | Reached skill level 5 in Evocations
  5243 | D:6      | Huge Dmg: 6 dmg
  5246 | D:6      | Huge Dmg: 4 dmg
  5458 | D:6      | Reached skill level 1 in Conjurations
  5489 | D:6      | Huge Dmg: 10 dmg
  5632 | D:6      | Noticed Grinder
  5638 | D:6      | Huge Dmg: 14 dmg
  5640 | D:6      | Huge Dmg: 6 dmg
  5641 | D:6      | Huge Dmg: 6 dmg
  5643 | D:6      | Paralysed by Grinder for 3 turns
  5647 | D:6      | Huge Dmg: 6 dmg
  5659 | D:6      | Killed Grinder
  5660 | D:6      | Reached XP level 9. HP: 9/34 MP: 12/14
  5680 | D:6      | Got the Parchment of Brumal Virulence
  5699 | D:6      | Found Oduoc's Neck Hole.
  5824 | D:6      | Found a staircase to the Ecumenical Temple.
  5852 | Temple   | Entered the Ecumenical Temple
  5859 | D:6      | Reached skill level 9 in Stealth
  5873 | D:6      | Killed Sigmund
  5914 | D:6      | Huge Dmg: 8 dmg
  5915 | D:6      | Huge Dmg: 6 dmg
  6156 | D:7      | Learned a level 3 spell: Mephitic Cloud
  6222 | D:7      | Huge Dmg: 16 dmg
  6332 | D:7      | Reached skill level 1 in Air Magic
  6332 | D:7      | Reached skill level 1 in Poison Magic
  6336 | D:7      | Reached skill level 10 in Stealth
  6345 | D:7      | Huge Dmg: 10 dmg
  6351 | D:7      | Huge Dmg: 12 dmg
  6558 | D:7      | Huge Dmg: 9 dmg
  6688 | D:7      | Reached XP level 10. HP: 35/37 MP: 12/15
  6768 | D:7      | Huge Dmg: 11 dmg
  6771 | D:7      | Reached skill level 10 in Unarmed Combat
  6907 | D:7      | Reached skill level 11 in Stealth
  7339 | D:8      | Found an ornate altar of the Wu Jian Council.
  7345 | D:8      | Became a worshipper of the Wu Jian Council
  7390 | D:8      | Noticed Psyche
  7392 | D:8      | Killed Psyche
  7420 | D:8      | Noticed Maurice
  7423 | D:8      | Huge Dmg: 16 dmg
  7425 | D:8      | Huge Dmg: 10 dmg
  7425 | D:8      | Killed from afar by Maurice
  7426 | D:8      | Reached XP level 9. HP: -2/34 MP: 9/14
  7426 | D:8      | Found a glowing golden altar of the Shining One.
  7426 | D:8      | Found an opulent altar of Gozag.
  7426 | D:8      | Found a shadowy altar of Dithmenos.
  7431 | D:8      | Found a shimmering blue altar of Sif Muna.
  7436 | D:8      | Found a sacrificial altar of Ru.
  7439 | D:8      | Found a shimmering altar of Xom.
  7449 | D:8      | Noticed a kobold demonologist
  7456 | D:8      | Killed a kobold demonologist
  7872 | D:8      | Killed Maurice
  8052 | D:9      | Reached skill level 1 in Fighting
  8056 | D:9      | Noticed a troll
  8062 | D:9      | Killed a troll
  8063 | D:9      | Reached skill level 12 in Stealth
  8065 | D:9      | Noticed a manticore
  8072 | D:9      | Huge Dmg: 13 dmg
  8073 | D:9      | Huge Dmg: 5 dmg
  8074 | D:9      | Huge Dmg: 5 dmg
  8078 | D:9      | Huge Dmg: 10 dmg
  8081 | D:9      | Slain by a manticore
  8082 | D:9      | Reached XP level 8. HP: -1/32 MP: 1/13
  8095 | D:9      | Reached XP level 9. HP: 34/35 MP: 11/15
  8353 | D:9      | Reached * piety under Wu Jian
  8699 | D:9      | Noticed a troll
  8728 | D:9      | Killed a troll
  8859 | D:9      | Identified the ring of Monotheism {Wiz rElec Int+3}
  9050 | D:9      | Huge Dmg: 8 dmg
  9056 | D:9      | Huge Dmg: 18 dmg
  9058 | D:9      | Huge Dmg: 5 dmg
  9058 | D:9      | Mangled by a manticore

Illustrated notes

Levels and vault maps discovered:
D:1:      spicycebolla_green_bress_n_ham, layout_rooms, minivault_4,
          moated_statue
D:2:      layout_loops_ring
D:3:      layout_loops_ring, serial_shops, shop_statue
D:4:      layout_basic, kennysheep_mini_moat
D:5:      layout_cave_pools, lemuel_mausoleum_altar_yredelemnul, uniq_pikel
D:6:      layout_gridville, minmay_temple_entry_overgrown, serial_shops, shop,
          nicolae_shop_sticking_my_neck_out, uniq_grinder, uniq_sigmund
D:7:      layout_basic
D:8:      layout_loops_ring, nicolae_overflow_hallway_of_the_gods,
          lemuel_round_altar, uniq_maurice, uniq_psyche
D:9:      layout_layer_cave, nicolae_qazlal_scattered_showers,
          kennysheep_generic_room_2
Temple:   minmay_temple_curvy_loop

Skill      XL: |  1  2  3  4  5  6  7  8  9 10 |
---------------+-------------------------------+-----
Dodging        | 3 4 |  4.1
Hexes          | 5 |  5.8
Unarmed Combat | 2 3 4 5 7 11 10 | 11.3
Stealth        | 5 6 8 12 11 | 12.0
Ice Magic      | 1 2 3 |  3.0
Evocations     | 1 2 3 5 |  5.0
Spellcasting   | 3 |  3.5
Conjurations   | 1 2 |  2.0
Air Magic      | 2 |  2.2
Poison Magic   | 2 |  2.1
Fighting       | 1 |  1.8

Action                     |  1- 3 |  4- 6 |  7- 9 | 10-12 || total
---------------------------+-------+-------+-------+-------++-------
  Melee: Unarmed           |    94 |   106 |   202 |    24 ||   426
         Bite              |     6 |    16 |    32 |       ||    54
         Punch             |     1 |     4 |     4 |     2 ||    11
   Cast: Ensorcelled Hiber |    24 |    38 |    81 |    13 ||   156
         Confusing Touch   |       |     1 |     9 |       ||    10
         Mephitic Cloud    |       |       |     5 |     1 ||     6
         Tukima's Dance    |       |       |     5 |       ||     5
Ability: Lunge             |       |       |    11 |     1 ||    12
         Whirlwind         |       |       |     1 |       ||     1
  Evoke: Wand              |       |     1 |       |       ||     1
    Use: Potion            |     1 |       |    10 |       ||    11
         Scroll            |       |       |     3 |       ||     3
   Stab: Sleeping          |    23 |    34 |    56 |    13 ||   126
         Confused          |       |     1 |     9 |       ||    10
         Invisible         |       |       |     1 |       ||     1
 Armour: Skin              |     5 |     3 |    19 |     4 ||    31
  Dodge: Dodged            |    94 |    92 |   130 |    15 ||   331

Table legend: (Time is in decaauts)
 A = Elapsed time spent in this place.
 B = Non-inter-level travel time spent in this place.
 C = Inter-level travel time spent in this place.
 D = Time resting spent in this place.
 E = Time spent auto-exploring this place.
 F = Levels seen in this place.
 G = Mean time per level.
                   A        B        C        D        E       F      G
               +--------+--------+--------+--------+--------+-----+--------+
         Total |   7937 |   7713 |    224 |   1437 |   4751 |  10 |  793.7 |
       Dungeon |   7936 |   7712 |    224 |   1437 |   4751 |   9 |  881.8 |
        Temple |      1 |      1 |      0 |      0 |      0 |   1 |    1.0 |
               +--------+--------+--------+--------+--------+-----+--------+

Top non-repeatable levels by time:
     D:7: 1239 daAuts
     D:5: 1198 daAuts
     D:4: 1087 daAuts
     D:2: 923 daAuts
     D:9: 852 daAuts
     D:3: 755 daAuts
     D:6: 672 daAuts
     D:1: 615 daAuts
     D:8: 591 daAuts
  Temple: 1 daAuts
